 Dungeon Crawl Stone Soup version 0.31-a0-744-gbc345e7fcb (webtiles) character file.

Game seed: 16343655098761746053

32841 Dnvifnvgi the Cleaver (level 13, -5/130 HPs)
             Began as a Minotaur Fighter on Sept 13, 2023.
             Was the Champion of Okawaru.
             Slain by a skeletal warrior
             ... wielding a +0 glaive of venom
              (15 damage)
             ... on level 14 of the Dungeon.
             The game lasted 00:23:45 (14822 turns).

Dnvifnvgi the Cleaver (Minotaur Fighter)           Turns: 14822, Time: 00:23:45

Health: -5/130     AC: 21    Str: 26    XL:     13   Next: 33%
Magic:  10/10      EV: 12    Int:  5    God:    Okawaru [******]
Gold:   1375       SH:  6    Dex:  8    Spells: 12/12 levels left

rFire   + + .        p - +8 broad axe of the Tent {drain, Drain rF++}
rCold   + + .        c - +0 buckler
rNeg    . . .        y - +0 chain mail {rC+}
rPois   .            (helmet restricted)
rElec   .            B - +1 cloak {rC+}
rCorr   .            (no gloves)
SInv    .            n - +1 pair of boots {Stlth+}
Will    .....        (no amulet) Stlth
                     j - +4 ring of protection
HPRegen 0.41/turn    t - +4 ring of protection
MPRegen 0.12/turn

%: no passive effects
@: about to teleport, studying 2 skills
A: horns 2, retaliatory headbutt, clumsy 1, deformed body, low MP 1, robust 1,
wild magic 1
a: Renounce Religion, Heroism, Finesse, Duel


You were on level 14 of the Dungeon.
You worshipped Okawaru.
Okawaru was exalted by your worship.
You visited 2 branches of the dungeon, and saw 15 of its levels.
You also visited: Ossuary and Ice Cave.

You collected 1375 gold pieces.

Inventory:

Hand Weapons
 d - the +1 battleaxe "Kezuowas" {flame, *Slow rC+++ rCorr Str+4}
   (You found it on level 9 of the Dungeon)

   Str+4:     It affects your strength (+4).
   rC+++:     It renders you almost immune to cold.
   rCorr:     It protects you from acid and corrosion.
   *Slow:     It may slow you when you take damage.
 f - the +1 battleaxe of Aliesch {elec, Fly Str+4}
   (Okawaru gifted it to you on level 13 of the Dungeon)

   Str+4:     It affects your strength (+4).
   Fly:       It grants you flight.
 o - the +1 war axe "Ceov" {vamp, rF+++ SInv}
   (Okawaru gifted it to you in an ice cave)

   rF+++:     It renders you almost immune to fire.
   SInv:      It lets you see invisible.
 p - the +8 broad axe of the Tent (weapon) {drain, Drain rF++}
   (Okawaru gifted it to you in an ice cave)

   rF++:      It greatly protects you from fire.
   Drain:     It drains your maximum health when unequipped.
Missiles
 C - a throwing net
Armour
 c - a +0 buckler (worn)
 n - a +1 pair of boots of stealth (worn)
 y - a +0 chain mail of cold resistance (worn)
 B - a +1 cloak of cold resistance (worn)
Jewellery
 j - a +4 ring of protection (left hand)
 q - a ring of protection from fire
 r - a ring of ice
 t - a +4 ring of protection (right hand)
Wands
 k - a wand of polymorph (6)
 m - a wand of flame (38)
 u - a wand of mindburst (6)
 v - a wand of iceblast (6)
Scrolls
 b - 2 scrolls of vulnerability
 g - 5 scrolls of teleportation
 i - a scroll of revelation
 l - 5 scrolls of fog
 s - 2 scrolls of immolation
 w - 2 scrolls of identify
 x - a scroll of enchant weapon
 z - 2 scrolls of fear
 E - 3 scrolls of noise
Potions
 a - a potion of magic
 e - 5 potions of curing
 h - 7 potions of lignification
 A - 2 potions of enlightenment
 D - 3 potions of resistance


   Skills:
 + Level 12.9 Fighting
 + Level 14.4 Axes
 + Level 12.8 Armour
 + Level 11.3 Dodging
 + Level 13.0 Shields


You had 12 spell levels left.
You didn't know any spells.
Your spell library contained the following spells:

 Spells                   Type           Power      Damage    Failure   Level
 Magic Dart               Conj           0%         1d3       94%         1
 Slow                     Hex            0%         N/A       94%         1
 Confusing Touch          Hex            0%         N/A       100%        3
 Frozen Ramparts          Ice            0%         1d1       100%        3
 Mephitic Cloud           Conj/Pois/Air  0%         N/A       100%        3
 Sigil of Binding         Hex            0%         N/A       100%        3
 Vampiric Draining        Necr           0%         2d6       100%        3
 Manifold Assault         Tloc           0%         N/A       100%        4
 Petrify                  Tmut/Erth      0%         N/A       100%        4
 Metabolic Englaciation   Hex/Ice        0%         N/A       100%        5
 Dispersal                Tloc           0%         N/A       100%        6
 Disjunction              Tloc           0%         N/A       100%        8
 Call Imp                 Summ           Unusable   N/A       N/A         2

Dungeon Overview and Level Annotations

Branches:
Dungeon (14/15)            Temple (1/1) D:6            Lair (0/5) D:8
    Orc (0/2) D:9          Vaults (0/5) D:14        Ossuary (visited)
  IceCv (visited)

Altars:
Ashenzari
Cheibriados
Dithmenos
Elyvilon
Fedhas
Gozag
Hepliaklqana
Kikubaaqudgha
Makhleb
Nemelex Xobeh
Okawaru
Qazlal
Ru
Sif Muna
Trog
Uskayaw
Vehumet
Wu Jian
Xom
Yredelemnul
Zin
The Shining One

Shops:
D:14 =

Portals:
Trove: D:10 (show slimy rune of Zot)

Annotations:
D:6 2 transporters, Vruhak's ghost, novice DsMo


Innate Abilities, Weirdness & Mutations

You have a pair of horns on your head.
You reflexively headbutt those who attack you in melee.
You are clumsy. (Dex -2)
Armour fits poorly on your strangely shaped body.
Your magical capacity is low. (-10% MP)
You are robust. (+10% HP)
Your spells are a little harder to cast, but a little more powerful.


Message History

The skeletal warrior is severely damaged.
You feel very sick.
The skeletal warrior hits you from afar with a +0 halberd!
A skeletal warrior comes into view. It is wielding a +0 short sword.
The skeletal warrior hits you but does no damage.
A vampire mosquito comes into view.
You are too injured to fight recklessly!
Unknown command.
As you read the scroll of teleportation, it crumbles to dust.
You feel strangely unstable.
You feel very sick.
The vampire mosquito buzzes angrily.
You hear a horrible gurgling sound! x2
You block the skeletal warrior's attack.
The skeletal warrior hits you from afar with a +0 halberd!
Unknown command.
Unknown command.
Unknown command.
You feel very sick.
The purple ugly thing gurgles horribly!
You hear an angry hiss.
The skeletal warrior hits you with a +0 glaive of venom!
* * * LOW HITPOINT WARNING * * *
You are lethally poisoned!
The skeletal warrior hits you from afar with a +0 halberd!
* * * LOW HITPOINT WARNING * * *
A purple ugly thing comes into view.
The purple ugly thing barely misses you.
A vampire mosquito comes into view.
You feel better.
The purple ugly thing gurgles horribly!
The skeletal warrior hits you from afar with a +0 halberd!
* * * LOW HITPOINT WARNING * * *
The skeletal warrior hits you but does no damage.
A purple ugly thing comes into view.
The purple ugly thing tail-slaps you but does no damage.
Unknown command.
Unknown command.
The vampire mosquito barely misses you.
You block the vampire mosquito's attack.
The skeletal warrior hits you from afar with a +0 glaive of venom!
You die...

........#∩....#..# .
###'##
........#######..###
#....# ........#....
#.<..# #.>.## ........#
... #....# #####
.<......####..##...###+#
######.....#..##.......#
.....#.....#.zzzu...u..#
.....'.....#..z.y..u...#
.##..#.....#..##@.###..#
.##..#....#### #..# ..#
.....#....# ###y≈


.uu .....#....# .≈.u≈≈.. .##..#.)..# ≈.≈≈.... .##..##'#...# .u.u. .#......+...#
≈≈.. .#......# .# ..≈≈ .#......# # You could see 6 ugly things, 4 skeletal
warriors and 2 vampire mosquitoes.

Vanquished Creatures
  Jorgrun (D:14)
  A bunyip (shapeshifter) (D:13)
  A hydra (D:13)
  An ogre mage (D:14)
  2 centaur warriors
  7 two-headed ogres
  A skeletal warrior (D:14)
  Lodul (D:13)
  2 bog bodies (IceCv)
  Pikel (D:6)
  A deep elf pyromancer (D:12)
  An orc knight (D:14)
  An ugly thing (D:12)
  3 cyclopes
  A manticore (D:12)
  An ice statue (IceCv)
  2 centaur skeletons (D:14)
  An efreet (D:14)
  2 kobold demonologists
  A komodo dragon (D:13)
  An anaconda simulacrum (IceCv)
  3 meliai (D:13)
  4 trolls
  A centaur simulacrum (D:13)
  2 wraiths
  22 yaks
  A vampire (D:8)
  2 wyverns (D:10)
  2 steam dragons (D:9)
  11 vampire mosquitoes
  3 death yak simulacra (IceCv)
  3 water moccasins (D:8)
  A hydra simulacrum (IceCv)
  2 harpy simulacra (IceCv)
  An acid dragon (D:11)
  2 sky beasts (D:7)
  6 orc warriors
  2 ice beasts
  9 ogres
  3 black bears (D:8)
  9 centaurs
  3 phantoms
  19 kobold brigands
  18 scorpions
  8 bullfrogs
  3 gnoll sergeants
  6 two-headed ogre simulacra (IceCv)
  4 cane toad simulacra (IceCv)
  7 wights (D:7)
  10 killer bees
  A howler monkey (D:7)
  2 elephant simulacra (IceCv)
  2 centaur zombies (Ossuary)
  2 hounds
  Crazy Yiuf (D:4)
  5 jellies
  3 orc priests (D:9)
  2 human zombies (Ossuary)
  2 iguanas
  7 orc wizards
  A sleepcap (D:6)
  Jessica (D:3)
  6 scorpion zombies (Ossuary)
  2 polar bear simulacra (IceCv)
  A statue (D:7)
  8 spriggan simulacra (IceCv)
  6 troll simulacra (IceCv)
  3 mummies (Ossuary)
  Robin (D:2)
  21 gnolls
  3 adders
  6 naga simulacra (IceCv)
  2 white imps
  3 ufetubi (IceCv)
  2 dart slugs
  28 orcs
  6 endoplasms
  2 giant cockroaches
  17 goblins
  14 hobgoblins
  4 quokkas
  6 ball pythons
  6 bats
  2 frilled lizards
  A goblin zombie (Ossuary)
  3 hobgoblin zombies (Ossuary)
  30 kobolds
  4 kobold zombies (Ossuary)
  An orc zombie (Ossuary)
  3 rats
420 creatures vanquished.

Vanquished Creatures (others)
  A gnoll (D:9)
  An ufetubus (IceCv)
2 creatures vanquished.

Grand Total: 422 creatures vanquished

Notes
Turn   | Place    | Note
-------+----------+-------------------------------------------
     0 | D:1      | Dnvifnvgi the Minotaur Fighter began the quest for the Orb.
     0 | D:1      | Reached XP level 1. HP: 19/19 MP: 0/0
    86 | D:1      | Found a faded altar of an unknown god.
   529 | D:1      | Reached XP level 2. HP: 25/27 MP: 1/1
   892 | D:2      | Noticed Robin
   896 | D:2      | Reached skill level 1 in Dodging
   900 | D:2      | Killed Robin
   901 | D:2      | Reached XP level 3. HP: 29/33 MP: 2/2
   912 | D:2      | Reached skill level 3 in Axes
  1182 | D:2      | Reached XP level 4. HP: 15/40 MP: 3/3
  1633 | D:3      | Noticed a scorpion
  1645 | D:3      | Killed a scorpion
  1646 | D:3      | Reached XP level 5. HP: 34/47 MP: 4/4
  1930 | D:3      | Noticed Jessica
  1935 | D:3      | Killed Jessica
  2283 | D:4      | Reached skill level 4 in Axes
  2283 | D:4      | Reached XP level 6. HP: 55/55 MP: 5/5
  2321 | D:4      | Reached skill level 5 in Shields
  2324 | D:4      | Reached skill level 5 in Fighting
  2360 | D:4      | Found an ornate altar of the Wu Jian Council.
  2431 | D:4      | Found a sand-covered staircase.
  2436 | Ossuary  | Entered an ossuary
  2450 | Ossuary  | Reached skill level 5 in Armour
  2486 | Ossuary  | Reached XP level 7. HP: 59/61 MP: 6/6
  2524 | Ossuary  | Reached skill level 5 in Axes
  2601 | Ossuary  | Reached XP level 8. HP: 61/70 MP: 7/7
  2951 | D:4      | Reached skill level 6 in Axes
  3302 | D:4      | Found a runed translucent door.
  3303 | D:4      | Noticed Crazy Yiuf
  3310 | D:4      | Killed Crazy Yiuf
  3418 | D:5      | Entered Level 5 of the Dungeon
  3457 | D:5      | Reached skill level 5 in Dodging
  3532 | D:5      | Found a snail-covered altar of Cheibriados.
  3845 | D:5      | Found a shadowy altar of Dithmenos.
  3959 | D:5      | Found a white marble altar of Elyvilon.
  4035 | D:5      | Found a sacrificial altar of Ru.
  4283 | D:6      | Reached XP level 9. HP: 73/79 MP: 8/8
  4323 | D:6      | Found a staircase to the Ecumenical Temple.
  4332 | Temple   | Entered the Ecumenical Temple
  4347 | Temple   | Became a worshipper of Warmaster Okawaru
  4605 | D:6      | Identified the +7 dire flail "Reuwkud" {distort, Str+3
                  | SInv}
  4605 | D:6      | Noticed a two-headed ogre
  4605 | D:6      | Noticed Vruhak's ghost (novice DsMo)
  4607 | D:6      | Found a transporter.
  4614 | D:6      | Found a transporter.
  4904 | D:6      | Noticed Pikel
  4937 | D:6      | HP: 1/79 [Pikel/+1 whip of flaming (3)]
  4941 | D:6      | Killed Pikel
  4941 | D:6      | Reached * piety under Okawaru
  4942 | D:6      | Reached skill level 7 in Axes
  5691 | D:7      | Reached ** piety under Okawaru
  5841 | D:7      | Found a radiant altar of Vehumet.
  6046 | D:7      | Reached skill level 8 in Axes
  6156 | D:7      | Found a shimmering blue altar of Sif Muna.
  6178 | D:7      | Reached XP level 10. HP: 64/86 MP: 9/9
  6478 | D:8      | Reached *** piety under Okawaru
  6499 | D:8      | Found a staircase to the Lair.
  7042 | D:8      | Found a burning altar of Makhleb.
  7045 | D:8      | Found a broken altar of Ashenzari.
  7046 | D:8      | Found a bloodstained altar of Trog.
  7046 | D:8      | Found a glowing silver altar of Zin.
  7205 | D:8      | Found a hazy altar of Hepliaklqana.
  7398 | D:9      | Noticed a two-headed ogre
  7422 | D:9      | Reached **** piety under Okawaru
  7427 | D:9      | Killed a two-headed ogre
  7428 | D:9      | Reached skill level 9 in Axes
  7826 | D:9      | Identified the +1 battleaxe "Kezuowas" {flame, *Slow rC+++
                  | rCorr Str+4}
  7952 | D:9      | Noticed a smoke demon
  7954 | D:9      | Reached XP level 11. HP: 59/99 MP: 8/10
  7964 | D:9      | Reached ***** piety under Okawaru
  7965 | D:9      | Reached skill level 10 in Shields
  7992 | D:9      | Reached skill level 10 in Fighting
  8326 | D:9      | Reached skill level 10 in Armour
  8915 | D:9      | Found a staircase to the Orcish Mines.
  8918 | D:9      | Noticed a two-headed ogre
  8933 | D:9      | Killed a two-headed ogre
  9115 | D:9      | Reached skill level 10 in Axes
  9287 | D:10     | Entered Level 10 of the Dungeon
  9466 | D:9      | Gained mutation: Armour fits poorly on your strangely
                  | shaped body. [potion of mutation]
  9527 | D:10     | Found a portal to a secret trove of treasure.
  9925 | D:11     | Found a frozen archway.
  9940 | IceCv    | Entered an ice cave
 10009 | IceCv    | Identified the +8 broad axe of the Tent {drain, Drain rF++}
                  | (Okawaru gifted it to you in an ice cave)
 10009 | IceCv    | Received a gift from Okawaru
 10331 | IceCv    | Identified a scroll of acquirement
 10331 | IceCv    | Acquired a manual of Axes
 10360 | IceCv    | Noticed a bog body
 10360 | IceCv    | Noticed a bog body
 10375 | IceCv    | Killed a bog body
 10381 | IceCv    | Killed a bog body
 10688 | IceCv    | Reached skill level 11 in Axes
 10824 | IceCv    | Identified the +1 war axe "Ceov" {vamp, rF+++ SInv}
                  | (Okawaru gifted it to you in an ice cave)
 10824 | IceCv    | Received a gift from Okawaru
 10997 | D:11     | Reached XP level 12. HP: 94/110 MP: 11/11
 11293 | D:11     | Identified the +3 ring mail of the Shishi {Harm Int+3}
 11798 | D:12     | Reached skill level 10 in Dodging
 11967 | D:12     | Noticed a two-headed ogre
 11973 | D:12     | Killed a two-headed ogre
 11974 | D:12     | Reached skill level 12 in Axes
 12004 | D:12     | Received a gift from Okawaru
 12231 | D:12     | Found a glowing silver altar of Zin.
 12270 | D:13     | Noticed a two-headed ogre
 12277 | D:13     | Killed a two-headed ogre
 12278 | D:13     | Reached ****** piety under Okawaru
 12298 | D:13     | Noticed a centaur warrior
 12309 | D:13     | Killed a centaur warrior
 12589 | D:13     | Reached skill level 13 in Axes
 12966 | D:13     | Noticed Lodul
 12971 | D:13     | Noticed a four-headed hydra
 12979 | D:13     | Killed Lodul
 12979 | D:13     | Identified the +1 battleaxe of Aliesch {elec, Fly Str+4}
                  | (Okawaru gifted it to you on level 13 of the Dungeon)
 12979 | D:13     | Received a gift from Okawaru
 12982 | D:13     | Killed a nine-headed hydra
 13571 | D:13     | Noticed a bunyip
 13579 | D:13     | Killed a bunyip
 13863 | D:14     | Reached XP level 13. HP: 115/119 MP: 12/12
 13954 | D:14     | Found Toheon's Jewellery Shop.
 13977 | D:14     | Noticed Jorgrun
 13992 | D:14     | Killed Jorgrun
 14132 | D:14     | Lost mutation: Armour fits poorly on your strangely shaped
                  | body. [potion of mutation]
 14132 | D:14     | Gained mutation: Armour fits poorly on your strangely
                  | shaped body. [potion of mutation]
 14132 | D:14     | Gained mutation: You are agile. (Dex +4, Str/Int -1)
                  | [potion of mutation]
 14132 | D:14     | Gained mutation: You are partially covered in iridescent
                  | scales. (AC +2) [potion of mutation]
 14133 | D:14     | Lost mutation: You are agile. (Dex +4, Str/Int -1) [potion
                  | of mutation]
 14133 | D:14     | Lost mutation: You are partially covered in iridescent
                  | scales. (AC +2) [potion of mutation]
 14133 | D:14     | Gained mutation: Your spells are a little harder to cast,
                  | but a little more powerful. [potion of mutation]
 14133 | D:14     | Gained mutation: You are clumsy. (Dex -2) [potion of
                  | mutation]
 14133 | D:14     | Gained mutation: Your magical capacity is low. (-10% MP)
                  | [potion of mutation]
 14133 | D:14     | Gained mutation: You are robust. (+10% HP) [potion of
                  | mutation]
 14195 | D:14     | Received a gift from Okawaru
 14216 | D:14     | Reached skill level 14 in Axes
 14348 | D:14     | Paralysed by something for 3 turns
 14622 | D:14     | Paralysed by something for 2 turns
 14628 | D:14     | Paralysed by something for 3 turns
 14797 | D:14     | Found a gate to the Vaults.
 14822 | D:14     | Slain by a skeletal warrior

Illustrated notes

Levels and vault maps discovered:
D:1:      doesnt_arrival_eight_statues, layout_basic,
          hellmonk_ecumenical_altar_leap_of_faith, minmay_misc_feat_nine_boxes
D:2:      layout_rooms, uniq_robin
D:3:      layout_rooms, wander_ebering_terrifying_dragon_lair, uniq_jessica
D:4:      layout_cave_pools, overflow_temple_1_default,
          nicolae_ossuary_entry_false_entrances, kennysheep_generic_room_10,
          uniq_crazy_yiuf_cottage
D:5:      layout_rooms, lemuel_tele_altar, mainiacjoe_overflow_paths,
          elyvilon_altar_5, nicolae_ru_great_annihilating_truth
D:6:      layout_basic, minmay_temple_entry_nine_rooms, gammafunk_ghost_smash,
          uniq_pikel
D:7:      layout_loops_cross, kennysheep_mini, vehumet_statue
D:8:      layout_gridville, mainiacjoe_overflow_catwalk,
          grunt_temple_overflow_open, due_lair_maze_entry_diamond
D:9:      layout_roguey [special_room_kobold], minmay_orc_entry_temple_small
D:10:     layout_cave_pools, enter_trove_1
D:11:     layout_rooms, portal_ice_cave_entry_pillars_1
D:12:     layout_rooms, zin_treasury
D:13:     layout_loops_ring, uniq_lodul
D:14:     layout_gridville, hangedman_vaults_entry_quadrant_bands, serial_shops,
          nicolae_shop_crystal, serial_bayou_pond_b, nicolae_uskayaw_suspiria,
          uniq_jorgrun
Temple:   eino_wide_crystal_templ

Skill      XL: |  1  2  3  4  5  6  7  8  9 10 11 12 13 |
---------------+----------------------------------------+-----
Dodging        | 1 2 3 4 5 6 8 9 10 11 | 11.3
Fighting       | 4 5 6 7 8 9 11 12 | 12.9
Armour         | 4 5 6 7 8 9 11 12 | 12.8
Shields        | 4 5 6 7 8 9 11 12 13 | 13.0
Axes           | 3 4 5 6 8 9 11 13 14 | 14.4

Action                     |  1- 3 |  4- 6 |  7- 9 | 10-12 | 13-15 || total
---------------------------+-------+-------+-------+-------+-------++-------
  Melee: War axe           |    67 |   119 |   268 |   319 |       ||   773
         Headbutt          |     8 |    17 |    48 |   116 |    15 ||   204
         Unarmed           |       |       |    24 |       |       ||    24
         Battleaxe         |       |       |       |   100 |       ||   100
         Broad axe         |       |       |       |   129 |    63 ||   192
         Punch             |       |       |       |     1 |       ||     1
 Invoke: Heroism           |       |       |       |     2 |     2 ||     4
  Evoke: Wand              |       |     1 |       |     5 |       ||     6
    Use: Scroll            |     4 |     3 |    11 |     9 |     2 ||    29
         Potion            |     1 |     1 |     2 |     8 |     6 ||    18
   Stab: Paralysed         |       |       |     1 |       |       ||     1
 Armour: Scale mail        |    60 |   107 |   170 |   312 |       ||   649
         Skin              |       |       |    12 |       |       ||    12
         Chain mail        |       |       |       |   299 |    99 ||   398
  Dodge: Dodged            |    28 |    66 |   142 |   423 |    31 ||   690
  Block: Buckler           |    10 |    28 |    83 |   124 |    17 ||   262

Table legend: (Time is in decaauts)
 A = Elapsed time spent in this place.
 B = Non-inter-level travel time spent in this place.
 C = Inter-level travel time spent in this place.
 D = Time resting spent in this place.
 E = Time spent auto-exploring this place.
 F = Levels seen in this place.
 G = Mean time per level.
                   A        B        C        D        E       F      G
               +--------+--------+--------+--------+--------+-----+--------+
         Total |  14946 |  14612 |    334 |   1061 |  10869 |  17 |  879.2 |
       Dungeon |  13425 |  13120 |    305 |    906 |  10072 |  14 |  958.9 |
        Temple |     30 |      1 |     29 |      0 |      0 |   1 |   30.0 |
       Ossuary |    471 |    471 |      0 |    134 |     79 |   1 |  471.0 |
      Ice Cave |   1018 |   1018 |      0 |     21 |    718 |   1 | 1018.0 |
               +--------+--------+--------+--------+--------+-----+--------+

Top non-repeatable levels by time:
     D:9: 1973 daAuts
    D:13: 1317 daAuts
     D:7: 1177 daAuts
     D:6: 1073 daAuts
   IceCv: 1018 daAuts
     D:1: 998 daAuts
    D:14: 936 daAuts
     D:8: 933 daAuts
    D:12: 842 daAuts
    D:11: 765 daAuts
     D:5: 757 daAuts
     D:4: 714 daAuts
     D:3: 666 daAuts
     D:2: 657 daAuts
    D:10: 614 daAuts
